 Dungeon Crawl Stone Soup version 0.23.2-1-ga50397a (webtiles) character file.

Game seed: 11488282679834730415

648264 dvd the Gelid (level 27, -3/149 HPs)
             Began as a Demonspawn Ice Elementalist on May 4, 2019.
             Was a High Priest of Sif Muna.
             Killed from afar by an orb of fire (21 damage)
             ... with a bolt of fire
             ... on level 2 of the Realm of Zot on May 8, 2019.
             The game lasted 09:02:08 (95944 turns).

dvd the Gelid (Demonspawn Ice Elementalist)        Turns: 95944, Time: 09:02:08

Health: -3/149     AC: 21    Str: 12    XL:     27
Magic:  0/55       EV: 19    Int: 42    God:    Sif Muna [*****.]
Gold:   7907       SH: 23    Dex: 13    Spells: 3/65 levels left

rFire    + . .     SeeInvis +   Q - +18 lance "Wyrmbane" {slay drac, rPois rF+ rC+ AC+3}
rCold    + + +     Gourm    .   J - +4 shield of Usext {rN+ rCorr}
rNeg     + . .     Faith    .   P - +2 robe {Archmagi}
rPois    +         Spirit   .   (helmet unavailable)
rElec    +         Reflect  +   n - +2 cloak {MR+}
rCorr    +         Harm     .   G - +1 pair of gloves of Nedon {Regen+ Str+4 Int+6 Dex-2}
MR       ++++.                  D - +2 pair of boots {run}
Stlth    +++++++...             p - +6 amulet of reflection
HPRegen  1.74/turn              s - ring of Midnight {rC+ MP+9 AC+3 SInv}
MPRegen  0.34/turn              o - ring of Weupohelu {MR+ Int+7}

@: about to teleport, no potions, regenerating, studying Earth Magic, quick
A: horns 3, thin metallic scales 3, cold resistance 1, deformed body, demonic
guardian 3, frail 2, nightstalker 3, passive freeze, freezing cloud immunity
}: 4/15 runes: serpentine, barnacled, slimy, silver
a: Divine Energy, Channel Magic, Forget Spell, Renounce Religion


You were on level 2 of the Realm of Zot.
You worshipped Sif Muna.
Sif Muna was extremely pleased with you.
You were hungry.

You visited 11 branches of the dungeon, and saw 55 of its levels.
You also visited: Bailey, Gauntlet, Ice Cave and Wizlab.

You collected 11807 gold pieces.
You spent 3900 gold pieces at shops.

Inventory:

Hand Weapons
 z - a +9 flail of crushing
 Q - the +18 lance "Wyrmbane" (weapon) {slay drac, rPois rF+ rC+ AC+3}
   (You bought it in a shop on level 3 of the Elven Halls)

   It affects your AC (+3).
   It protects you from fire.
   It protects you from cold.
   It protects you from poison.
 X - a +9 war axe of flaming
Armour
 n - a +2 cloak of magic resistance (worn)
 D - a +2 pair of boots of running (worn)
 G - the +1 pair of gloves of Nedon (worn) {Regen+ Str+4 Int+6 Dex-2}
   (You acquired it on level 3 of the Crypt)

   It affects your strength (+4).
   It affects your intelligence (+6).
   It affects your dexterity (-2).
   It increases your rate of regeneration.
 J - the +4 shield of Usext (worn) {rN+ rCorr}
   (You bought it in a shop on level 4 of the Depths)

   It protects you from negative energy.
   It provides partial protection from all sources of acid and corrosion.
 L - the +2 robe "Feeph" {MR+ Regen+ Dex+2}
   (You found it on level 5 of the Vaults)

   It affects your dexterity (+2).
   It affects your resistance to hostile enchantments.
   It increases your rate of regeneration.
 P - a +2 robe of the Archmagi (worn)
Magical Staves
 E - an uncursed staff of conjuration
 V - an uncursed staff of cold
Jewellery
 a - the amulet of Meopotz {Faith rN+++ MR++ Int-3 Stlth+}
   (You acquired it on level 10 of the Dungeon)

   [amulet of faith]

   It allows you to gain divine favour quickly.
   It affects your intelligence (-3).
   It renders you almost immune to negative energy.
   It affects your resistance to hostile enchantments.
   It makes you more stealthy.
 o - the ring of Weupohelu (right hand) {MR+ Int+7}
   (You acquired it on level 5 of the Vaults)

   [ring of protection from magic]

   It affects your intelligence (+7).
   It affects your resistance to hostile enchantments.
 p - a +6 amulet of reflection (around neck)
 s - the ring of Midnight (left hand) {rC+ MP+9 AC+3 SInv}
   (You bought it in a shop on level 4 of the Snake Pit)

   [ring of protection]

   It affects your AC (+3).
   It protects you from cold.
   It affects your magic capacity (+9).
   It lets you see invisible.
 v - the ring of Jipym {Ice MR+ Str+4 Int+2 Dex-4}
   (You bought it in a shop on level 2 of the Vaults)

   [ring of ice]

   It enhances your ice magic.
   It affects your strength (+4).
   It affects your intelligence (+2).
   It affects your dexterity (-4).
   It makes you vulnerable to fire.
   It protects you from cold.
   It affects your resistance to hostile enchantments.
 H - a +5 ring of slaying
 M - the ring "Ropnuts" {MR++ Str+4}
   (You took it off a frost giant on level 5 of the Depths)

   [ring of strength]

   It affects your strength (+4).
   It affects your resistance to hostile enchantments.
 O - the ring "Niwouk" {rCorr rC+}
   (You bought it in a shop on level 2 of the Vaults)

   [ring of resist corrosion]

   It protects you from cold.
 Y - the ring "Vigew" {rF+ MR+ Str+2}
   (You found it on level 3 of the Crypt)

   [ring of protection from fire]

   It affects your strength (+2).
   It protects you from fire.
   It affects your resistance to hostile enchantments.
Wands
 j - a wand of acid (32)
 l - a wand of scattershot (15)
 r - a wand of disintegration (12)
 y - a wand of random effects (59)
 B - a wand of paralysis (28)
 C - a wand of iceblast (19)
 I - a wand of digging (9)
 S - a wand of flame (123)
Scrolls
 b - a scroll of fear
 d - a scroll of enchant weapon
 g - 33 scrolls of teleportation
 h - 32 scrolls of remove curse
 k - a scroll of enchant armour
 q - 20 scrolls of identify
 F - 11 scrolls of fog
 R - 5 scrolls of blinking
 U - 2 scrolls of silence
 W - 2 scrolls of magic mapping
Potions
 e - 23 potions of curing
 f - 6 potions of ambrosia
 i - 11 potions of heal wounds
 m - 5 potions of agility
 t - 22 potions of flight
 u - a potion of might
 x - 5 potions of brilliance
 A - 2 potions of magic
 N - 6 potions of haste
 T - a potion of cancellation
 Z - a potion of resistance
Books
 w - a manual of Earth Magic
Comestibles
 c - 61 rations
 K - 2 chunks of flesh


   Skills:
 + Level 9.3 Fighting
 + Level 11.3 Maces & Flails
 * Level 10.9 Polearms
 + Level 0.3(10.1) Staves
 + Level 11.1 Dodging
 + Level 7.4 Stealth
 - Level 15.0 Shields
 + Level 19.8 Spellcasting
 * Level 18.7 Conjurations
 + Level 8.6 Charms
 + Level 4.4 Summonings
 + Level 9.5 Necromancy
 + Level 2.6 Translocations
 + Level 1.3 Fire Magic
 * Level 20.9 Ice Magic
 + Level 11.0 Air Magic
 + Level 4.8 Earth Magic
 + Level 11.6 Invocations
 + Level 2.4 Evocations


You had 3 spell levels left.
You knew the following spells:

 Your Spells              Type           Power        Failure   Level  Hunger
a - Stone Arrow           Conj/Erth      ######       0%          3    None
b - Ozocubu's Refrigerat  Ice            ########..   0%          6    None
c - Dispel Undead         Necr           ########     1%          5    None
d - Aura of Abjuration    Summ           #######...   2%          5    None
e - Deflect Missiles      Chrm/Air       ########..   1%          6    None
f - Blink                 Tloc           N/A          1%          2    None
g - Regeneration          Chrm/Necr      ########..   1%          3    None
h - Apportation           Tloc           ######       1%          1    None
i - Glaciate              Conj/Ice       ########..   17%         9    ####...
j - Orb of Destruction    Conj           ########..   1%          7    None
k - Bolt of Cold          Conj/Ice       ########..   1%          6    None
l - Airstrike             Air            ########..   1%          4    None
m - Throw Flame           Conj/Fire      ######       0%          2    None
n - Ozocubu's Armour      Chrm/Ice       ########     0%          3    None

Your spell library contained the following spells:

 Spells                   Type           Power        Failure   Level  Hunger
 Animate Skeleton         Necr           N/A          0%          1    None
 Flame Tongue             Conj/Fire      #####        0%          1    None
 Freeze                   Ice            ####         0%          1    None
 Infusion                 Chrm           ####         0%          1    None
 Magic Dart               Conj           ####         0%          1    None
 Pain                     Necr           ####         0%          1    None
 Shock                    Conj/Air       ####         0%          1    None
 Sting                    Conj/Pois      ####         0%          1    None
 Ensorcelled Hibernation  Hex/Ice        ######       0%          2    None
 Searing Ray              Conj           ######       0%          2    None
 Swiftness                Chrm/Air       ########     0%          2    None
 Throw Frost              Conj/Ice       ######       0%          2    None
 Static Discharge         Conj/Air       ########     0%          3    None
 Beastly Appendage        Tmut           ######       1%          1    None
 Confusing Touch          Hex            ######       1%          1    None
 Corona                   Hex            ######.      1%          1    None
 Sandblast                Erth           ######       1%          1    None
 Summon Butterflies       Summ           #######.     1%          1    None
 Summon Small Mammal      Summ           ####         1%          1    None
 Call Imp                 Summ           #######.     1%          2    None
 Corpse Rot               Necr           N/A          1%          2    None
 Passwall                 Tmut/Erth      #######.     1%          2    None
 Poisonous Vapours        Pois/Air       ######       1%          2    None
 Shroud of Golubria       Chrm/Tloc      #######...   1%          2    None
 Slow                     Hex            ######..     1%          2    None
 Song of Slaying          Chrm           ########     1%          2    None
 Sticks to Snakes         Tmut           ######..     1%          2    None
 Sublimation of Blood     Necr           ########..   1%          2    None
 Call Canine Familiar     Summ           #######.     1%          3    None
 Confuse                  Hex            ######..     1%          3    None
 Conjure Flame            Conj/Fire      ########     1%          3    None
 Dazzling Spray           Conj/Hex       ######       1%          3    None
 Gell's Gravitas          Tloc           #######...   1%          3    None
 Ignite Poison            Fire/Tmut/Pois ######..     1%          3    None
 Inner Flame              Hex/Fire       ######..     1%          3    None
 Lesser Beckoning         Tloc           #######...   1%          3    None
 Mephitic Cloud           Conj/Pois/Air  ########     1%          3    None
 Portal Projectile        Hex/Tloc       ######       1%          3    None
 Recall                   Summ/Tloc      N/A          1%          3    None
 Spectral Weapon          Hex/Chrm       #######.     1%          3    None
 Spider Form              Tmut/Pois      ######....   1%          3    None
 Summon Guardian Golem    Hex/Summ       ######..     1%          3    None
 Teleport Other           Tloc           #######.     1%          3    None
 Tukima's Dance           Hex            ######..     1%          3    None
 Vampiric Draining        Necr           ########..   1%          3    None
 Iskenderun's Mystic Bla  Conj           ########     0%          4    None
 Throw Icicle             Conj/Ice       ########     0%          4    None
 Animate Dead             Necr           N/A          1%          4    None
 Force Lance              Conj/Tloc      ########     1%          4    None
 Fulminant Prism          Conj/Hex       ########..   1%          4    None
 Ice Form                 Ice/Tmut       ########     1%          4    None
 Leda's Liquefaction      Hex/Erth       #######...   1%          4    None
 Passage of Golubria      Tloc           N/A          1%          4    None
 Petrify                  Tmut/Erth      #######.     1%          4    None
 Sticky Flame             Conj/Fire      ########     1%          4    None
 Summon Ice Beast         Ice/Summ       ########     1%          4    None
 Summon Lightning Spire   Summ/Air       ########     1%          4    None
 Agony                    Necr           ########     1%          5    None
 Bolt of Draining         Conj/Necr      ########..   1%          5    None
 Bolt of Magma            Conj/Fire/Erth ########..   1%          5    None
 Borgnjor's Vile Clutch   Necr/Erth      ########..   1%          5    None
 Excruciating Wounds      Chrm/Necr      ########..   1%          5    None
 Fireball                 Conj/Fire      ########..   1%          5    None
 Irradiate                Conj/Tmut      ########..   1%          5    None
 Iskenderun's Battlesphe  Conj/Chrm      ########     1%          5    None
 Lee's Rapid Deconstruct  Erth           #######...   1%          5    None
 Lightning Bolt           Conj/Air       ########..   1%          5    None
 Metabolic Englaciation   Hex/Ice        ########..   1%          5    None
 Silence                  Hex/Air        #######...   1%          5    None
 Venom Bolt               Conj/Pois      ########..   1%          5    None
 Bolt of Fire             Conj/Fire      ########..   1%          6    None
 Conjure Ball Lightning   Conj/Air       ########..   1%          6    None
 Death Channel            Necr           ########..   1%          6    None
 Freezing Cloud           Conj/Ice/Air   ########..   1%          6    None
 Iron Shot                Conj/Erth      ########..   1%          6    None
 Poison Arrow             Conj/Pois      ########..   1%          6    None
 Simulacrum               Ice/Necr       ########..   1%          6    None
 Summon Demon             Summ           #######...   2%          5    None
 Summon Forest            Summ/Tloc      #######...   3%          5    None
 Spellforged Servitor     Conj/Summ      ########..   4%          7    None
 Cause Fear               Hex            ######....   5%          4    None
 Olgreb's Toxic Radiance  Pois           ######..     5%          4    None
 Summon Mana Viper        Hex/Summ       ######..     6%          5    None
 Chain Lightning          Conj/Air       ########..   9%          8    #......
 Shadow Creatures         Summ           N/A          14%         6    None
 Alistair's Intoxication  Tmut/Pois      ######..     16%         5    None
 Blade Hands              Tmut           ######....   16%         5    None
 Yara's Violent Unravell  Hex/Tmut       ######....   16%         5    None
 Haunt                    Necr/Summ      ########..   26%         7    None
 Dispersal                Tloc           #######...   28%         6    None
 Lehudib's Crystal Spear  Conj/Erth      ########..   28%         8    #......
 Statue Form              Tmut/Erth      #######..    32%         6    None
 Ring of Flames           Chrm/Fire      #######...   52%         7    None
 Borgnjor's Revivificati  Necr           ########..   58%         8    #......
 Infestation              Necr           ########..   58%         8    #......
 Monstrous Menagerie      Summ           #######...   61%         7    None
 Summon Hydra             Summ           #######...   61%         7    None
 Darkness                 Hex            ######....   65%         6    None
 Hydra Form               Tmut           ######....   65%         6    None
 Invisibility             Hex            ######..     65%         6    None
 Death's Door             Chrm/Necr      ########..   65%         8    #......
 Malign Gateway           Summ/Tloc      #######...   73%         7    None
 Dragon Form              Tmut           ######....   99%         7    None
 Necromutation            Tmut/Necr      #######...   99%         8    #......
 Tornado                  Air            ########..   99%         9    ####...
 Controlled Blink         Tloc           N/A          100%        8    #......
 Discord                  Hex            ######....   100%        8    #......
 Disjunction              Tloc           #######...   100%        8    #......
 Ignition                 Fire           ######....   100%        8    #......
 Dragon's Call            Summ           #######...   100%        9    ####...
 Fire Storm               Conj/Fire      ########..   100%        9    ####...
 Shatter                  Erth           #######...   100%        9    ####...


Dungeon Overview and Level Annotations

Branches:
Dungeon (15/15)            Temple (0/1) D:4            Lair (6/6) D:8
 Shoals (4/4) Lair:2        Snake (4/4) Lair:3        Slime (5/5) Lair:5
    Orc (2/2) D:11            Elf (3/3) Orc:2        Vaults (5/5) D:13
  Crypt (3/3) Vaults:2       Tomb (0/3) Crypt:3      Depths (5/5) D:15
    Zot (3/5) Depths:5

Altars:
Ashenzari
Cheibriados
Dithmenos
Fedhas
Hepliaklqana
Nemelex Xobeh
Okawaru
Ru
Sif Muna
Trog
Uskayaw
Wu Jian
Xom
Zin
The Shining One
Beogh
Jiyva

Shops:
D:12 !   Orc:2 ?:=}(   Elf:3 (   Snake:2 *   Snake:4 ==}   Vaults:1 ?
Vaults:2 =*=(=   Vaults:4 :   Depths:4 [

Portals:
Hell: Depths:1 Depths:2 Depths:3 Depths:4 Depths:5
Abyss: Depths:2 Depths:3 Depths:4
Pandemonium: Depths:3 Depths:4 Depths:5
Ziggurat: Depths:4


Innate Abilities, Weirdness & Mutations

You have a pair of large horns on your head.
You are completely covered in thin metallic scales. (AC +4, rElec)
Your flesh is cold resistant. (rC+)
A powerful demonic guardian rushes to your aid.
You are completely attuned to the shadows.
A frigid envelope surrounds you and freezes all who hurt you.
You are immune to freezing clouds.
Armour fits poorly on your strangely shaped body.
You are very frail. (-20% HP)


Message History

Casting: Blink (safe; 1% risk of failure)
Confirm with . or Enter, or press ? or * to list all spells.
You feel a surge of power!
Your skin crawls.
Casting: Regeneration (safe; 1% risk of failure)
Confirm with . or Enter, or press ? or * to list all spells.
You feel a surge of power!
You blink.
Unknown command.
Casting: Blink (safe; 1% risk of failure)
Confirm with . or Enter, or press ? or * to list all spells.
Okay, then.
Unknown command.
Casting: Blink (safe; 1% risk of failure)
Confirm with . or Enter, or press ? or * to list all spells.
Aiming: Orb of Destruction (safe; 1% risk of failure)
Press: ? - help, Shift-Dir - straight line, f - orb of fire
Aim: an orb of fire You feel a surge of power!
The orb of fire glows deep purple.
The bolt of fire hits you!! You resist.
You die...

#......###..######.......
##...>..............[.....
#.........................
##..)......................
##........§.....†...........
#..........*................
##...........................
###...........*................
##..###........@................
##..##
###.###################..# #..##
##.# ####...## #..# ..## #..#
#.......### #..# .## ##..##
#.........# ##..# ##
##....####..#####..####.... #
##..##..##..#######..##..##. #
#..###..#..###.#.###..#..###
##.###..##.###.)#).###.##..##


You could see an orb of fire.

Vanquished Creatures
  the Royal Jelly (Slime:5)
  2 orbs of fire (Zot:2)
  Mennas (Depths:3)
  An ancient lich (Crypt:3)
  The ghost of Tang the Slayer, a master DsGl of Makhleb (Vaults:2)
  A curse toe (Zot:3)
  Xtahua (Depths:3)
  The ghost of xccam the Transcendent, a veteran GnGl of Ru (Depths:5)
  6 golden dragons
  The ghost of Dacon the Minotaur Blade, an adept MiGl of Gozag (Vaults:2)
  Nikola (Shoals:1)
  Jory (Depths:3)
  An electric golem (Zot:1)
  10 liches
  2 Ice Fiends (IceCv)
  7 tentacled monstrosities
  Rupert (D:12)
  Asterion (Elf:1)
  3 deep elf blademasters
  6 quicksilver dragons
  4 titans
  A deep elf master archer (Elf:3)
  2 death cobs (Zot:2)
  2 sphinxes
  3 ancient champions
  22 acid blobs
  The ghost of Ethylacetat the Impaler, an adept DsGl of Okawaru (Lair:3)
  15 storm dragons
  4 tengu reavers
  9 shadow dragons
  Roxanne (Elf:3)
  Donald (Elf:1)
  3 draconian monks
  3 nagarajas (Snake:4)
  The ghost of havocjr3 the Spry, an adept GnGl of Hepliaklqana (Snake:2)
  10 frost giants
  4 draconian knights
  7 azure jellies
  6 fire giants
  2 iron dragons
  3 curse skulls
  11 deep elf sorcerers
  2 draconian stormcallers
  A cacodemon (Depths:3)
  15 vault wardens
  6 draconian scorchers
  6 draconian shifters
  3 ghost moths
  7 ghouls (Crypt:2)
  2 spriggan defenders (Depths:3)
  9 ironheart preservers
  2 draconian annihilators (Zot:2)
  A reaper (Crypt:2)
  3 war gargoyles (Crypt:3)
  29 very ugly things
  10 vampire knights
  3 deep elf elementalists
  9 green draconians
  An entropy weaver (Vaults:5)
  16 stone giants
  5 deep elf annihilators
  13 deep elf demonologists
  A dire elephant (Lair:6)
  6 yellow draconians
  A minotaur (Gauntlet)
  12 black draconians
  11 purple draconians
  7 death oozes
  11 red draconians
  8 white draconians
  The ghost of slayr the Covert, a journeyman NaVM of Vehumet (Lair:2)
  3 spark wasps (Depths:3)
  6 merfolk javelineers
  A green death (Zot:1)
  2 blizzard demons (Depths:5)
  An ettin (shapeshifter) (Vaults:1)
  7 merfolk impalers
  2 eidola
  13 ettins
  9 deep elf death magi
  4 deep elf high priests
  13 yaktaur captains
  A quicksilver dragon zombie (Crypt:2)
  6 jiangshi
  3 rakshasas
  10 great orbs of eyes
  The ghost of Terandir the Cleaver, a journeyman MiFi of Okawaru (Lair:1)
  3 hydras
  A hell beast (Depths:4)
  19 fire dragons
  A caustic shrike simulacrum (Depths:5)
  32 vault guards
  A quicksilver dragon skeleton (Crypt:1)
  3 spriggan air magi
  15 naga warriors
  7 centaur warriors
  A merfolk avatar (Shoals:4)
  22 ice dragons
  2 alligator snapping turtles
  6 anacondas
  Erica (Orc:1)
  6 ogre magi
  4 death knights
  8 merfolk aquamancers
  15 two-headed ogres
  3 satyrs
  3 death yaks (Lair:6)
  6 deep troll shamans
  5 orc high priests (Orc:2)
  5 vampire magi
  A tengu warrior (D:15)
  3 deep troll earth magi
  4 spriggan berserkers
  A titan zombie (Vaults:5)
  3 soul eaters
  7 shock serpents
  24 dancing weapons
  11 naga sharpshooters
  22 deep elf knights
  16 hell knights
  2 iron trolls (Depths:4)
  A storm dragon skeleton (Vaults:5)
  3 unseen horrors
  4 shadow wraiths
  A fire crab (Gauntlet)
  3 salamander mystics
  13 skeletal warriors
  A death drake (Zot:2)
  9 glowing orange brains
  2 golden dragon zombies
  20 deep trolls
  7 wizards
  A quicksilver dragon simulacrum (Depths:5)
  21 deep elf archers
  11 flayed ghosts
  A swamp dragon (Zot:2)
  12 sea snakes
  5 naga ritualists
  A lindwurm (Lair:6)
  13 phantasmal warriors
  11 ironbrand convokers
  18 orc knights
  9 necromancers
  A tengu zombie (Vaults:3)
  66 deep elf magi
  A wolf spider zombie (Crypt:3)
  19 harpies
  3 harpies (shapeshifter)
  47 ugly things
  3 wolf spiders
  2 oklob plants (Lair:1)
  11 manticores
  A mana viper (shapeshifter) (Vaults:5)
  12 cyclopes
  2 salamanders (shapeshifter)
  A fire giant zombie (WizLab)
  A human zombie (Vaults:5)
  85 slime creatures
  A wolf spider (shapeshifter) (Vaults:5)
  10 fauns
  4 mana vipers
  3 orc sorcerers
  A faun (shapeshifter) (Depths:2)
  14 salamanders
  8 shining eyes
  A worldbinder (Gauntlet)
  An iron dragon skeleton (Vaults:5)
  19 black mambas
  An elephant (shapeshifter) (Zot:2)
  4 fire giant skeletons
  3 guardian serpents
  Maurice (D:12)
  6 elephants
  17 moths of wrath
  2 ice statues (IceCv)
  4 gargoyles (Crypt:3)
  6 smoke demons (Crypt:3)
  11 vault sentinels
  An alligator snapping turtle zombie (Crypt:1)
  3 black mambas (shapeshifter)
  A spiny frog (shapeshifter) (Elf:1)
  3 water nymphs
  4 merfolk sirens
  An elf zombie (WizLab)
  5 eyes of devastation
  3 minotaur zombies (Gauntlet)
  18 naga magi
  5 spectral swamp worms (Depths:3)
  An orange demon (Depths:3)
  A purple draconian zombie (Crypt:2)
  A storm dragon simulacrum (Depths:5)
  10 spiny frogs
  A rime drake (Lair:6)
  8 komodo dragons
  A black draconian zombie (Crypt:2)
  A swamp worm zombie (Crypt:2)
  38 yaktaurs
  A hellwing (Depths:3)
  33 merfolk
  14 freezing wraiths
  3 tengu conjurers
  A guardian mummy (WizLab)
  A purple draconian skeleton (Crypt:1)
  A hydra zombie (Crypt:3)
  3 meliai (D:14)
  15 ice devils
  3 red devils
  2 polar bears
  A yaktaur skeleton (Vaults:5)
  5 trolls
  A wind drake (shapeshifter) (Vaults:1)
  4 wind drakes
  An iron troll skeleton (Crypt:2)
  2 hornets (shapeshifter)
  A tengu simulacrum (Vaults:5)
  3 hornets
  A satyr zombie (Crypt:2)
  4 snapping turtles
  A fire giant simulacrum (Vaults:1)
  3 bog bodies (Crypt:2)
  8 dream sheep
  8 blink frogs
  A raiju (shapeshifter) (Elf:2)
  An iron dragon simulacrum (Depths:5)
  12 hippogriffs
  A snapping turtle (shapeshifter) (Vaults:5)
  2 ettin zombies (Crypt:3)
  A sphinx simulacrum (Depths:5)
  A hippogriff (shapeshifter) (Depths:1)
  2 frost giant simulacra
  An elf simulacrum (Depths:5)
  A black mamba zombie (Crypt:3)
  8 large abominations (Depths:2)
  14 water elementals
  A redback (Vaults:5)
  19 yaks
  6 spriggans
  A black mamba skeleton (Crypt:1)
  7 vampires
  3 air elementals
  A tarantella (shapeshifter) (Vaults:3)
  7 wraiths
  3 wyverns
  A spriggan simulacrum (Depths:5)
  2 fire bats (Gauntlet)
  5 shadows
  A neqoxec (Depths:3)
  A human (shapeshifter) (D:13)
  12 golden eyes
  A hog (shapeshifter) (Elf:3)
  3 hungry ghosts
  2 basilisks
  2 chaos spawn (Depths:2)
  4 fire elementals
  A swamp worm (shapeshifter) (D:15)
  A redback simulacrum (D:15)
  An elf skeleton (Vaults:1)
  2 vampire mosquitoes (D:15)
  48 nagas
  10 wargs
  A spiny frog zombie (Crypt:2)
  4 small abominations (Depths:2)
  2 soldier ants (shapeshifter)
  2 acid dragons
  13 water moccasins
  An ogre skeleton (Vaults:1)
  3 black bears
  5 floating eyes
  6 porcupines
  42 orc warriors
  7 sky beasts
  8 eyes of draining
  10 ice beasts
  An eye of draining (shapeshifter) (Vaults:3)
  3 necrophages
  3 phantoms
  A snapping turtle zombie (Crypt:3)
  An ettin simulacrum (Vaults:1)
  7 boggarts
  22 centaurs
  10 wolves
  24 ogres
  A manticore skeleton (Crypt:1)
  12 crocodiles
  A big kobold (D:9)
  12 bullfrogs
  A wyvern zombie (D:9)
  3 earth elementals
  A human skeleton (Vaults:1)
  A cyclops skeleton (Crypt:1)
  3 scorpions
  4 killer bees (D:8)
  A polar bear zombie (Crypt:1)
  A troll zombie (Crypt:3)
  A human simulacrum (Vaults:1)
  32 wights
  3 howler monkeys
  4 electric eels
  2 bullfrog zombies
  2 centaur zombies
  11 crimson imps
  2 quasits
  4 jellies
  7 hounds
  32 orc priests
  Crazy Yiuf (D:7)
  3 bullfrog skeletons
  6 centaur skeletons
  2 iron imps
  17 orc wizards
  An iguana (D:5)
  8 worker ants
  A killer bee zombie (D:9)
  An acid dragon zombie (Crypt:2)
  A demigod zombie (Crypt:2)
  A hound zombie (D:7)
  A hound skeleton (D:10)
  A howler monkey zombie (D:10)
  4 gnolls (D:8)
  16 adders
  6 shadow imps
  10 white imps (IceCv)
  2 ufetubi (IceCv)
  4 oozes
  2 adder skeletons
  A dart slug (D:2)
  7 leopard geckos
  118 orcs
  4 ball pythons
  4 bats
  A bat skeleton (Crypt:1)
  5 giant cockroaches
  5 goblins
  7 hobgoblins
  7 jackals (D:3)
  11 kobolds
  7 frilled lizards
  A frilled lizard skeleton (Crypt:2)
  2 jackal skeletons
  A leopard gecko skeleton (D:4)
  A leopard gecko zombie (D:9)
  An orc skeleton (Crypt:3)
  A quokka skeleton (D:8)
  A quokka zombie (D:5)
  9 rats
  A rat skeleton (Crypt:1)
  2 blocks of ice
  A fire vortex (Depths:3)
  12 plants
2280 creatures vanquished.

Vanquished Creatures (collateral kills)
  A shard shrike (Zot:1)
  A golden dragon (Depths:5)
  A lich (Depths:1)
  A quicksilver dragon (Zot:1)
  A death cob (Zot:3)
  A shadow dragon (Zot:2)
  3 storm dragons
  2 sphinxes
  4 nagarajas (Snake:4)
  A frost giant (Depths:4)
  An iron dragon (Zot:2)
  5 very ugly things
  3 ironheart preservers
  A stone giant (Vaults:5)
  A green draconian (Zot:1)
  A white draconian (Zot:1)
  A purple draconian (Zot:1)
  A death ooze (Slime:1)
  Erolcha (Orc:1)
  An ice dragon (Zot:2)
  4 hydras
  3 naga warriors
  A catoblepas (Lair:6)
  A merfolk aquamancer (Shoals:4)
  A tengu warrior (D:15)
  A two-headed ogre (Vaults:3)
  Urug (D:11)
  A slime creature (Slime:1)
  2 orc high priests (Orc:2)
  3 naga sharpshooters
  A deep elf knight (Elf:2)
  A salamander mystic (Snake:3)
  3 sea snakes (Snake:2)
  A naga ritualist (Snake:4)
  A wizard (D:12)
  2 harpies (Shoals:3)
  A shadow dragon zombie (Vaults:5)
  4 orc knights
  2 ironbrand convokers
  6 deep elf magi
  An orc sorcerer (Orc:2)
  A salamander (Snake:3)
  A manticore (Lair:6)
  6 ugly things
  11 elephants
  A water nymph (Shoals:4)
  7 black mambas
  8 naga magi
  2 spiny frogs
  2 komodo dragons
  A rime drake (Lair:6)
  A merfolk (Shoals:1)
  A hornet (Lair:2)
  7 blink frogs
  15 dream sheep (Lair:6)
  A vampire (D:11)
  2 spriggans (Lair:1)
  9 yaks
  A human (shapeshifter) (D:14)
  3 basilisks
  A steam dragon (D:8)
  Menkaure (D:7)
  2 wargs
  7 nagas
  3 water moccasins
  4 orc warriors
  A swamp drake (D:8)
  An ice beast (D:7)
  A black bear (Lair:2)
  11 wolves
  2 centaurs
  2 crocodiles (Lair:6)
  2 bullfrogs
  A killer bee (D:8)
  A wight (D:8)
  A jelly (D:11)
  3 orc wizards (Orc:1)
  7 orc priests
  An iguana (D:10)
  An adder (Lair:3)
  A shadow imp (D:12)
  An ufetubus (IceCv)
  14 orcs
  A block of ice (Zot:1)
223 creatures vanquished.

Vanquished Creatures (others)
  A deep elf master archer (Elf:3)
  A storm dragon (Zot:2)
  An ironheart preserver (Vaults:5)
  4 stone giants
  A purple draconian (Zot:1)
  An ettin (Zot:2)
  5 yaktaur captains
  A centaur warrior (Depths:1)
  A deep elf knight (Elf:3)
  A sea snake (Shoals:4)
  3 deep elf archers
  An orc sorcerer (Vaults:4)
  A vault sentinel (Vaults:3)
  A naga mage (Snake:4)
  9 yaktaurs
  A howler monkey (D:8)
  3 white imps (IceCv)
  An ufetubus (IceCv)
  An orc (Orc:1)
  A kobold (D:9)
  23 blocks of ice
  16 fungi
  30 plants
  6 withered plants (Vaults:2)
114 creatures vanquished.

Grand Total: 2617 creatures vanquished

Notes
Turn   | Place    | Note
-------+----------+-------------------------------------------
     0 | D:1      | dvd the Demonspawn Ice Elementalist began the quest for the
                  | Orb.
     0 | D:1      | Reached XP level 1. HP: 13/13 MP: 3/3
   213 | D:1      | Reached skill level 3 in Ice Magic
   267 | D:1      | Gained mutation: You have a pair of small horns on your
                  | head. [demonic ancestry]
   267 | D:1      | Reached XP level 2. HP: 19/19 MP: 1/5
   450 | D:1      | Learned a level 2 spell: Throw Frost
   828 | D:2      | Reached XP level 3. HP: 16/24 MP: 0/7
  1013 | D:2      | Learned a level 3 spell: Ozocubu's Armour
  1063 | D:2      | Noticed a bullfrog
  1076 | D:2      | Killed a bullfrog
  1076 | D:2      | Reached XP level 4. HP: 13/30 MP: 0/8
  1239 | D:2      | Found an ornate altar of the Wu Jian Council.
  1376 | D:2      | Found a sparkling altar of Nemelex Xobeh.
  1388 | D:2      | Found a deep blue altar of Sif Muna.
  1390 | D:2      | Found a glowing golden altar of the Shining One.
  1395 | D:2      | Found a glowing silver altar of Zin.
  1410 | D:2      | Became a worshipper of Sif Muna the Loreminder
  1643 | D:3      | Reached XP level 5. HP: 25/35 MP: 1/9
  2212 | D:3      | Reached skill level 4 in Ice Magic
  2336 | D:3      | Found a blossoming altar of Fedhas.
  2607 | D:4      | Found a staircase to the Ecumenical Temple.
  2619 | D:4      | Noticed an ogre
  2629 | D:4      | Killed an ogre
  2629 | D:4      | Reached skill level 1 in Maces & Flails
  2629 | D:4      | Gained mutation: You are partially covered in thin metallic
                  | scales. (AC +2) [demonic ancestry]
  2629 | D:4      | Reached XP level 6. HP: 41/41 MP: 0/11
  2647 | D:4      | Reached * piety under Sif Muna
  2935 | D:4      | Found a bloodstained altar of Trog.
  3200 | D:4      | Reached skill level 1 in Shields
  3545 | D:5      | Entered Level 5 of the Dungeon
  3684 | D:5      | Got a brightly glowing chain mail
  3685 | D:5      | Identified the cursed +1 chain mail of the Vestibule of
                  | Hell {Slay+2} (You found it on level 5 of the Dungeon)
  3695 | D:5      | Noticed a sky beast
  3707 | D:5      | Killed a sky beast
  3707 | D:5      | Gained mutation: You are slightly more attuned to the
                  | shadows. [demonic ancestry]
  3707 | D:5      | Reached XP level 7. HP: 38/47 MP: 5/13
  3854 | D:5      | Found a hide-covered altar of Uskayaw.
  3891 | D:5      | Found a shimmering altar of Xom.
  3930 | D:5      | Found a large runed translucent door.
  3931 | D:5      | Found a large runed translucent door.
  3947 | D:5      | Found a large runed translucent door.
  3947 | D:5      | Found a large runed translucent door.
  4064 | D:5      | Reached skill level 1 in Fighting
  4094 | D:5      | Identified a +1 pair of boots of running (You found it on
                  | level 5 of the Dungeon)
  4725 | D:5      | Got a vibrating platinum ring
  4726 | D:5      | Identified the ring "Vioke" {-Tele rF+ Dex+9 SInv} (You
                  | found it on level 5 of the Dungeon)
  4733 | D:5      | Got a pair of blackened gloves
  4739 | D:5      | Identified the +1 pair of gloves of Peek-a-Boo {rElec rPois
                  | rF++ Stlth-} (You found it on level 5 of the Dungeon)
  4773 | D:5      | Gained mutation: You have a pair of horns on your head.
                  | [demonic ancestry]
  4773 | D:5      | Reached XP level 8. HP: 53/53 MP: 8/15
  4908 | D:6      | Reached skill level 5 in Spellcasting
  4908 | D:6      | Reached skill level 5 in Ice Magic
  4925 | D:6      | Learned a level 4 spell: Throw Icicle
  4944 | D:6      | Reached skill level 1 in Charms
  5025 | D:6      | Reached ** piety under Sif Muna
  5333 | D:6      | Learned a level 1 spell: Shock
  5505 | D:6      | You fall through a shaft for 3 floors!
  5544 | D:9      | Gained mutation: A weak demonic guardian rushes to your
                  | aid. [demonic ancestry]
  5544 | D:9      | Reached XP level 9. HP: 59/59 MP: 16/18
  5891 | D:8      | Reached *** piety under Sif Muna
  5997 | D:8      | Noticed a komodo dragon
  6046 | D:8      | Found a sacrificial altar of Ru.
  6262 | D:8      | Reached skill level 6 in Ice Magic
  6529 | D:8      | Found a shadowy altar of Dithmenos.
  6560 | D:8      | Learned a level 4 spell: Summon Ice Beast
  7308 | D:7      | Found a runed translucent door.
  7309 | D:7      | Noticed Crazy Yiuf
  7318 | D:7      | Killed Crazy Yiuf
  7318 | D:7      | Reached skill level 5 in Maces & Flails
  7395 | D:7      | Noticed Menkaure
  7404 | D:7      | Killed Menkaure
  7651 | D:7      | Reached XP level 10. HP: 67/67 MP: 16/20
  8296 | D:8      | Reached skill level 5 in Dodging
  8632 | D:8      | Reached **** piety under Sif Muna
  8661 | D:8      | Noticed a two-headed ogre
  8674 | D:8      | Killed a two-headed ogre
  9268 | D:8      | Learned a level 3 spell: Regeneration
  9613 | D:8      | Found a staircase to the Lair.
  9880 | D:9      | Found a snail-covered altar of Cheibriados.
  9891 | D:9      | Found an iron altar of Okawaru.
 10638 | D:10     | Entered Level 10 of the Dungeon
 10853 | D:10     | Reached skill level 7 in Ice Magic
 10856 | D:10     | Reached skill level 5 in Shields
 10885 | D:10     | Noticed a centaur warrior
 10897 | D:10     | Killed a centaur warrior
 10897 | D:10     | Reached XP level 11. HP: 73/73 MP: 10/23
 10910 | D:10     | Noticed a green ugly thing
 10925 | D:10     | Killed a green ugly thing
 11154 | D:10     | Identified a scroll of acquirement
 11155 | D:10     | Got a coiled platinum amulet
 11157 | D:10     | Identified the amulet of Meopotz {Faith rN+++ MR++ Int-3
                  | Stlth+} (You acquired it on level 10 of the Dungeon)
 11679 | D:10     | Found a snail-covered altar of Cheibriados.
 11753 | D:11     | Noticed Urug
 11847 | D:11     | Killed Urug
 12022 | D:11     | Found a staircase to the Orcish Mines.
 12410 | D:11     | Reached ***** piety under Sif Muna
 12632 | D:11     | Identified Sif Muna's Handbook of the Lucky Rocks (Sif Muna
                  | gifted it to you on level 11 of the Dungeon)
 12632 | D:11     | Received a gift from Sif Muna
 12903 | D:11     | Noticed a purple ugly thing
 13141 | Lair:1   | Entered Level 1 of the Lair of Beasts
 13238 | Lair:1   | Reached skill level 1 in Necromancy
 13412 | Lair:1   | Found a runed translucent door.
 13419 | Lair:1   | Noticed an oklob plant
 13436 | Lair:1   | Identified the +5 trident of Ru's Righteous Fury {pierce,
                  | +Blink}
 13553 | Lair:1   | Noticed an oklob plant
 13656 | Lair:1   | Noticed a five-headed hydra
 13665 | Lair:1   | Killed a five-headed hydra
 13665 | Lair:1   | Reached skill level 1 in Summonings
 13906 | Lair:1   | Learned a level 1 spell: Apportation
 14049 | Lair:1   | Noticed Terandir's ghost (journeyman MiFi)
 14439 | Lair:2   | Got a fine platinum ring
 14440 | Lair:2   | Identified the ring "Kitokaecw" {rPois MR+ Int+3} (You
                  | acquired it on level 2 of the Lair of Beasts)
 14735 | Lair:2   | Found a runed translucent door.
 14737 | Lair:2   | Reached XP level 12. HP: 83/83 MP: 25/25
 14741 | Lair:2   | Identified the +2 spear of Ru's Castigation {flame, rN+}
 14754 | Lair:2   | Noticed slayr's ghost (journeyman NaVM)
 14757 | Lair:2   | Found a staircase to the Shoals.
 15124 | Lair:2   | Reached skill level 8 in Ice Magic
 15151 | Lair:2   | Killed slayr's ghost
 15643 | Lair:3   | Found a staircase to the Snake Pit.
 16250 | Lair:3   | Found a runed translucent door.
 16254 | Lair:3   | Noticed Ethylacetat's ghost (adept DsGl)
 16374 | Lair:3   | Learned a level 5 spell: Iskenderun's Battlesphere
 16830 | Lair:4   | Noticed a seven-headed hydra
 16952 | Lair:4   | Killed a seven-headed hydra
 17902 | Lair:5   | Reached skill level 5 in Fighting
 18335 | Lair:5   | Reached skill level 9 in Ice Magic
 18335 | Lair:5   | Gained mutation: A demonic guardian rushes to your aid.
                  | [demonic ancestry]
 18335 | Lair:5   | Reached XP level 13. HP: 55/91 MP: 7/26
 19085 | Lair:5   | Found a runed translucent door.
 19085 | Lair:5   | Found a viscous altar of Jiyva.
 19086 | Lair:5   | Found a staircase to the Slime Pits.
 19632 | Lair:1   | Reached skill level 10 in Spellcasting
 19632 | Lair:1   | Reached skill level 5 in Conjurations
 20032 | Lair:1   | Killed Terandir's ghost
 20378 | D:11     | Reached skill level 1 in Evocations
 20587 | D:11     | Reached skill level 5 in Stealth
 20627 | D:11     | Reached skill level 1 in Invocations
 20842 | Orc:1    | Entered Level 1 of the Orcish Mines
 20967 | D:11     | Learned a level 2 spell: Shroud of Golubria
 21357 | Orc:1    | Found a roughly hewn altar of Beogh.
 21359 | Orc:1    | Noticed Erolcha
 21369 | Orc:1    | Killed Erolcha
 21537 | Orc:1    | Noticed Erica
 21542 | Orc:1    | Killed Erica
 21726 | Orc:2    | Entered Level 2 of the Orcish Mines
 21849 | Orc:2    | Found Ludule's Magic Scroll Shoppe.
 21866 | Orc:2    | Bought a scroll of brand weapon for 300 gold pieces
 22118 | Orc:2    | Found Kienyas's Book Shoppe.
 22309 | Orc:2    | Identified Apys's Collected Works on Confrontation (Sif
                  | Muna gifted it to you on level 2 of the Orcish Mines)
 22309 | Orc:2    | Received a gift from Sif Muna
 22332 | Orc:2    | Learned a level 6 spell: Bolt of Cold
 22500 | Orc:2    | Found Jaheedo's Jewellery Boutique.
 22603 | Orc:2    | Found a roughly hewn altar of Beogh.
 22683 | Orc:2    | Found a staircase to the Elven Halls.
 22798 | Orc:2    | Found Maps's Gadget Shoppe.
 22798 | Orc:2    | Found Mannoluf's Antique Weapon Boutique.
 23291 | Orc:2    | Reached skill level 5 in Charms
 23618 | Orc:2    | Found a roughly hewn altar of Beogh.
 23854 | Orc:1    | Reached skill level 10 in Ice Magic
 24216 | Lair:6   | Entered Level 6 of the Lair of Beasts
 24598 | Lair:6   | Gained mutation: You have a pair of large horns on your
                  | head. [demonic ancestry]
 24598 | Lair:6   | Reached XP level 14. HP: 95/99 MP: 15/28
 24600 | Lair:6   | Reached skill level 5 in Invocations
 25645 | Lair:6   | Received a gift from Sif Muna
 26860 | D:12     | Noticed Rupert
 26870 | D:12     | Killed Rupert
 26944 | D:12     | Found Useuth's Distillery.
 26949 | D:12     | Bought a potion of curing for 30 gold pieces
 26949 | D:12     | Bought a potion of curing for 30 gold pieces
 26949 | D:12     | Bought 2 potions of heal wounds for 100 gold pieces
 26949 | D:12     | Bought a potion of curing for 30 gold pieces
 26949 | D:12     | Bought a potion of curing for 30 gold pieces
 26949 | D:12     | Bought a potion of curing for 30 gold pieces
 26983 | D:12     | Found a gate leading to a gauntlet.
 27031 | Gauntlet | Entered a Gauntlet
 27039 | Gauntlet | Found a transporter.
 27049 | Gauntlet | Found a transporter.
 27055 | Gauntlet | Noticed a reaper
 27068 | Gauntlet | Found a transporter.
 27087 | Gauntlet | Found a transporter.
 27095 | Gauntlet | Found a transporter.
 27113 | Gauntlet | Found a transporter.
 27121 | Gauntlet | Found a transporter.
 27135 | Gauntlet | Found a transporter.
 27151 | Gauntlet | Found a transporter.
 27155 | Gauntlet | Found a transporter.
 27169 | Gauntlet | Found a transporter.
 27200 | Gauntlet | Found a transporter.
 27320 | Gauntlet | Got an ancient granite ring
 27322 | Gauntlet | Identified the cursed ring of Mirth {*Corrode rC+ rN+++
                  | Str-3 Stlth+} (You found it in a Gauntlet)
 27707 | Gauntlet | Reached skill level 10 in Maces & Flails
 27721 | Gauntlet | Identified Sif Muna's Handbook of Summoning (Sif Muna
                  | gifted it to you in a Gauntlet)
 27721 | Gauntlet | Received a gift from Sif Muna
 28194 | D:12     | Found a glowing golden altar of the Shining One.
 28600 | D:12     | Noticed Maurice
 28603 | D:12     | Killed Maurice
 28603 | D:12     | Reached skill level 11 in Ice Magic
 28713 | D:13     | Found a flagged portal.
 28766 | Bailey   | Entered a bailey
 29511 | Bailey   | Found the +0 Maxwell's etheric cage {RegenMP+ *Contam rElec
                  | MP+4}
 29853 | D:13     | Gained mutation: Your flesh is cold resistant. (rC+)
                  | [demonic ancestry]
 29853 | D:13     | Reached XP level 15. HP: 55/105 MP: 13/30
 30065 | D:13     | Learned a level 3 spell: Stone Arrow
 30180 | D:13     | Found a gate to the Vaults.
 30182 | D:13     | Got a transparent pewter ring
 30184 | D:13     | Identified the ring "Missem" {rPois rC+ Str+2 Slay-2} (You
                  | found it on level 13 of the Dungeon)
 30959 | D:14     | Identified Sif Muna's Grimoire of the Tundras (Sif Muna
                  | gifted it to you on level 14 of the Dungeon)
 30959 | D:14     | Received a gift from Sif Muna
 30972 | D:14     | Learned a level 5 spell: Irradiate
 31214 | D:14     | Got a distressingly furry cloak
 31225 | D:14     | Identified the +0 cloak of Grace {rN+} (You acquired it on
                  | level 14 of the Dungeon)
 31433 | D:15     | Entered Level 15 of the Dungeon
 31858 | D:15     | Found a staircase to the Depths.
 32086 | D:15     | Gained mutation: You are frail. (-10% HP) [potion of
                  | mutation]
 32086 | D:15     | Gained mutation: You possess an exceptional clarity of
                  | mind. [potion of mutation]
 32822 | Snake:1  | Entered Level 1 of the Snake Pit
 34422 | Snake:2  | Found a runed translucent door.
 34423 | Snake:2  | Found a shimmering altar of Xom.
 34423 | Snake:2  | Noticed havocjr3's ghost (adept GnGl)
 34428 | Snake:2  | Got an encrusted dagger
 34429 | Snake:2  | Identified the +9 dagger "Beetlebane" {drain, rC+ Str-4
                  | Dex+5} (You found it on level 2 of the Snake Pit)
 34449 | Snake:2  | Found Yfady's Assorted Antiques.
 35470 | Snake:2  | Reached skill level 10 in Invocations
 35500 | Snake:2  | Identified Sif Muna's Papyrus of Battle Magic (Sif Muna
                  | gifted it to you on level 2 of the Snake Pit)
 35500 | Snake:2  | Received a gift from Sif Muna
 35799 | D:12     | Learned a level 6 spell: Freezing Cloud
 36379 | Snake:2  | Killed havocjr3's ghost
 36488 | Snake:2  | Got a brightly glowing robe
 36489 | Snake:2  | Identified the +2 robe of Zeisch {rN+} (You found it on
                  | level 2 of the Snake Pit)
 36727 | Snake:3  | Reached skill level 12 in Ice Magic
 36864 | Snake:3  | Gained mutation: You are immune to freezing clouds.
                  | [demonic ancestry]
 36864 | Snake:3  | Reached XP level 16. HP: 38/101 MP: 19/32
 37122 | Snake:3  | Reached skill level 1 in Air Magic
 38042 | Snake:3  | Found a hazy altar of Hepliaklqana.
 38165 | Snake:4  | Entered Level 4 of the Snake Pit
 38240 | Snake:4  | Found Puynut's Jewellery Shop.
 38241 | Snake:4  | Found Uterywn's Gadget Emporium.
 38242 | Snake:4  | Found Pocin's Jewellery Shop.
 38247 | Snake:4  | Bought the ring of Midnight {rC+ MP+9 AC+3 SInv} for 813
                  | gold pieces
 39224 | Snake:4  | Received a gift from Sif Muna
 39613 | Snake:4  | Reached skill level 10 in Conjurations
 41139 | Snake:4  | Got a serpentine rune of Zot
 41451 | Shoals:1 | Entered Level 1 of the Shoals
 41624 | Shoals:1 | Noticed Nikola
 41643 | Shoals:1 | Reached XP level 17. HP: 98/108 MP: 16/33
 41656 | Shoals:1 | Reached skill level 13 in Ice Magic
 41657 | Shoals:1 | Killed Nikola
 41891 | Shoals:1 | Received a gift from Sif Muna
 44079 | Shoals:3 | Reached skill level 5 in Air Magic
 44558 | Shoals:3 | Identified Jyxkesm's Volume of Conjuration (Sif Muna gifted
                  | it to you on level 3 of the Shoals)
 44558 | Shoals:3 | Received a gift from Sif Muna
 44858 | Shoals:3 | Learned a level 4 spell: Airstrike
 45305 | Shoals:4 | Entered Level 4 of the Shoals
 45474 | Shoals:4 | Identified the +4 glaive of Dust {freeze, +Rage}
 45887 | Shoals:4 | Got a brightly glowing shield
 45898 | Shoals:4 | Identified the +5 shield of Refuge {Str-3 Int+2 Dex+3} (You
                  | acquired it on level 4 of the Shoals)
 46482 | Shoals:4 | Identified Sif Muna's Catalogue of Unstable Bewitchment
                  | (Sif Muna gifted it to you on level 4 of the Shoals)
 46482 | Shoals:4 | Received a gift from Sif Muna
 46577 | Shoals:4 | Got a barnacled rune of Zot
 46602 | Shoals:4 | Reached XP level 18. HP: 114/114 MP: 11/35
 47672 | Lair:3   | Killed Ethylacetat's ghost
 47915 | Slime:1  | Entered Level 1 of the Pits of Slime
 48494 | Elf:1    | Entered Level 1 of the Elven Halls
 48566 | Elf:1    | Noticed Asterion
 48577 | Elf:1    | Killed Asterion
 48881 | Elf:1    | Found a frozen archway.
 48915 | IceCv    | Entered an ice cave
 48930 | IceCv    | Learned a level 2 spell: Throw Flame
 49518 | IceCv    | Noticed an Ice Fiend
 49711 | IceCv    | Identified Cuseyjept's Tome of Aerial Darkness (Sif Muna
                  | gifted it to you in an ice cave)
 49711 | IceCv    | Received a gift from Sif Muna
 49711 | IceCv    | Reached skill level 14 in Ice Magic
 49851 | IceCv    | Noticed an Ice Fiend
 49859 | IceCv    | Killed an Ice Fiend
 49859 | IceCv    | Reached skill level 1 in Earth Magic
 49868 | IceCv    | Killed an Ice Fiend
 50033 | IceCv    | Got a fine demon trident
 50034 | IceCv    | Identified the +8 demon trident of Wuang {vamp, *Rage rC-
                  | Dex+9 Stlth+} (You found it in an ice cave)
 50428 | Elf:1    | Noticed an Ice Fiend
 50822 | Elf:1    | Noticed Donald
 50834 | Elf:1    | Killed Donald
 52076 | Elf:2    | Reached skill level 1 in Translocations
 52080 | Elf:2    | Found a runed translucent gate.
 52080 | Elf:2    | Found a runed translucent gate.
 52080 | Elf:2    | Found a runed translucent gate.
 53346 | Elf:2    | Gained mutation: A frigid envelope surrounds you and
                  | freezes all who hurt you. [demonic ancestry]
 53346 | Elf:2    | Reached XP level 19. HP: 109/119 MP: 23/37
 53986 | Vaults:1 | Entered Level 1 of the Vaults
 54245 | Vaults:1 | Reached skill level 1 in Fire Magic
 54860 | Vaults:1 | Identified Sif Muna's Papyrus of Frigorific Moulding (Sif
                  | Muna gifted it to you on level 1 of the Vaults)
 54860 | Vaults:1 | Received a gift from Sif Muna
 55082 | Vaults:1 | Learned a level 6 spell: Ozocubu's Refrigeration
 55381 | Vaults:1 | Got an ichor-stained dagger
 55382 | Vaults:1 | Identified the +11 dagger of Generosity {drain, +Fly rElec
                  | rF++ Stlth+} (You found it on level 1 of the Vaults)
 56129 | Vaults:1 | Found Cesmek's Magic Scroll Emporium.
 56145 | Vaults:1 | Bought a scroll of enchant weapon for 105 gold pieces
 56652 | Vaults:2 | Found Adim's Jewellery Boutique.
 56674 | Vaults:2 | Bought the ring of Jipym {Ice MR+ Str+4 Int+2 Dex-4} for
                  | 585 gold pieces
 56676 | Vaults:2 | Bought the ring "Niwouk" {rCorr rC+} for 476 gold pieces
 56792 | Vaults:2 | Found a staircase to the Crypt.
 56798 | Vaults:2 | Paralysed by a vampire knight for 2 turns
 57443 | Vaults:2 | Found Quajud's Antique Weapon Shoppe.
 57446 | Vaults:2 | Found a runed translucent gate.
 57447 | Vaults:2 | Found a runed translucent gate.
 57447 | Vaults:2 | Found a runed translucent gate.
 57454 | Vaults:2 | Noticed Dacon's ghost (adept MiGl)
 57454 | Vaults:2 | Noticed Tang's ghost (master DsGl)
 58240 | Vaults:2 | Identified Sif Muna's Disquisition on Ashen Unholy Rituals
                  | (Sif Muna gifted it to you on level 2 of the Vaults)
 58240 | Vaults:2 | Received a gift from Sif Muna
 58498 | Vaults:2 | Found Neodo's Jewellery Shop.
 58569 | Vaults:2 | Found Zuasch's Jewellery Shoppe.
 58949 | Vaults:2 | Found Deroapha's Assorted Antiques.
 58968 | Vaults:2 | Bought a wand of acid (7) for 240 gold pieces
 59323 | Vaults:3 | Reached skill level 5 in Necromancy
 59412 | Vaults:3 | Reached skill level 15 in Ice Magic
 59412 | Vaults:3 | Gained mutation: A powerful demonic guardian rushes to your
                  | aid. [demonic ancestry]
 59412 | Vaults:3 | Reached XP level 20. HP: 102/126 MP: 15/38
 60700 | Vaults:3 | Reached skill level 10 in Shields
 61474 | Vaults:4 | Reached skill level 15 in Spellcasting
 61576 | Vaults:4 | Identified Sif Muna's Disquisition on Congealing Aid (Sif
                  | Muna gifted it to you on level 4 of the Vaults)
 61576 | Vaults:4 | Received a gift from Sif Muna
 61654 | Vaults:4 | Learned a level 6 spell: Deflect Missiles
 61827 | Vaults:4 | Found Riurec's Book Boutique.
 63928 | Elf:3    | Entered Level 3 of the Elven Halls
 63968 | Elf:3    | Found Pelozxip's Weapon Shop.
 63981 | Elf:3    | Bought the +8 lance "Wyrmbane" {slay drac, rPois rF+ rC+
                  | AC+3} for 808 gold pieces
 63981 | Elf:3    | Found the +8 lance "Wyrmbane" {slay drac, rPois rF+ rC+
                  | AC+3}
 64114 | Elf:3    | Found a magical portal.
 64132 | WizLab   | Entered Doroklohe's Tomb
 64374 | WizLab   | Noticed a greater mummy
 65029 | Elf:3    | Noticed Roxanne
 65168 | Elf:3    | Killed Roxanne
 65431 | Elf:3    | Reached XP level 21. HP: 130/130 MP: 35/40
 65531 | Elf:3    | Received a gift from Sif Muna
 65583 | Elf:3    | Learned a level 5 spell: Aura of Abjuration
 66108 | Elf:3    | Reached skill level 16 in Ice Magic
 66356 | Elf:3    | Reached skill level 10 in Air Magic
 66707 | Elf:3    | Identified the +6 battleaxe of Devegiuz {pain, Str+8 Int+4}
 66711 | Elf:3    | Identified the +4 broad axe of the Throat {antimagic,
                  | Int+4}
 67074 | Elf:3    | Got a warped shortbow
 67075 | Elf:3    | Identified the cursed +2 shortbow of Wemei {velocity, rC+
                  | Int+5 Stlth+} (You found it on level 3 of the Elven Halls)
 67118 | Elf:3    | Identified the -1 helmet "Ipry" {rPois Dex+4 SInv} (You
                  | found it on level 3 of the Elven Halls)
 68072 | Slime:3  | You fall through a shaft!
 68081 | Slime:4  | Identified Sif Muna's Disquisition on Sinister Ice (Sif
                  | Muna gifted it to you on level 4 of the Pits of Slime)
 68081 | Slime:4  | Received a gift from Sif Muna
 68268 | Slime:3  | Reached skill level 1 in Polearms
 69483 | Slime:5  | Entered Level 5 of the Pits of Slime
 69583 | Slime:5  | Reached skill level 15 in Conjurations
 69694 | Slime:4  | Learned a level 2 spell: Blink
 70353 | Slime:5  | Noticed the Royal Jelly
 70364 | Slime:5  | Killed the Royal Jelly
 70364 | Slime:5  | Reached skill level 17 in Ice Magic
 70364 | Slime:5  | Gained mutation: You are mostly covered in thin metallic
                  | scales. (AC +3) [demonic ancestry]
 70364 | Slime:5  | Reached XP level 22. HP: 61/136 MP: 15/42
 70822 | Slime:5  | Got a coiled steel ring
 70824 | Slime:5  | Identified the ring "Host" {rC+ Dex+3 Stlth-} (You found it
                  | on level 5 of the Pits of Slime)
 70859 | Slime:5  | Identified the Incunabulum of the Traveller and Companions
 70871 | Slime:5  | Got a brightly glowing copper ring
 70873 | Slime:5  | Identified the ring of Jeikk {Fire Str+3} (You found it on
                  | level 5 of the Pits of Slime)
 70877 | Slime:5  | Identified Sif Muna's Volume of Flames and the Mountains
 70885 | Slime:5  | Identified the cursed +0 chain mail "Miss" {*Slow rCorr
                  | MP+9 SInv} (You found it on level 5 of the Pits of Slime)
 70934 | Slime:5  | Got a slimy rune of Zot
 70936 | Slime:5  | Got a transparent platinum ring
 70938 | Slime:5  | Identified the ring of Ajae {*Corrode rPois rC++ MR+ Str+3}
                  | (You found it on level 5 of the Pits of Slime)
 70960 | Slime:5  | Got an encrusted whip
 70961 | Slime:5  | Identified the cursed +2 whip of Watchfulness {freeze, rF++
                  | rN+ Int-2 Stlth+} (You found it on level 5 of the Pits of
                  | Slime)
 71625 | Depths:1 | Entered Level 1 of the Depths
 71635 | Depths:1 | Identified Sif Muna's Compendium of Harmful Stolen Souls
                  | (Sif Muna gifted it to you on level 1 of the Depths)
 71635 | Depths:1 | Received a gift from Sif Muna
 71924 | Depths:1 | Found a runed translucent door.
 71928 | Depths:1 | Found the +8 orange crystal plate armour {Archmagi, Int+3
                  | Clar}
 72503 | Depths:1 | Found a gateway to Hell.
 72659 | Depths:1 | You fall through a shaft!
 73156 | Depths:2 | Identified the cursed +1 scythe of Resumed Hostilities
                  | {slice, *Slow +Inv Str+6} (You found it on level 2 of the
                  | Depths)
 73787 | Depths:2 | Found a one-way gate to the infinite horrors of the Abyss.
 74374 | Depths:1 | Identified the +3 scale mail "Ivaschau" {rPois Str+3 Int-5}
                  | (You found it on level 1 of the Depths)
 74383 | Depths:1 | Identified the Incunabulum of Creation and Air
 74607 | Depths:2 | Identified Sif Muna's Incunabulum of Twisted Beguiling (Sif
                  | Muna gifted it to you on level 2 of the Depths)
 74607 | Depths:2 | Received a gift from Sif Muna
 74690 | Depths:3 | Noticed Jory
 74759 | Depths:3 | Noticed a caustic shrike
 75459 | Depths:3 | Found a one-way gate leading to the halls of Pandemonium.
 75597 | Depths:3 | Reached skill level 18 in Ice Magic
 75736 | Depths:3 | Noticed Xtahua
 75741 | Depths:3 | Killed Xtahua
 75924 | Depths:3 | Killed Jory
 76096 | Depths:3 | Noticed Mennas
 76368 | Crypt:1  | Entered Level 1 of the Crypt
 76378 | Vaults:2 | Learned a level 5 spell: Dispel Undead
 76535 | Crypt:1  | Gained mutation: You are completely covered in thin
                  | metallic scales. (AC +4, rElec) [demonic ancestry]
 76535 | Crypt:1  | Reached XP level 23. HP: 116/142 MP: 0/43
 76763 | Crypt:1  | Received a gift from Sif Muna
 79666 | Crypt:3  | Entered Level 3 of the Crypt
 80147 | Crypt:3  | Got a transparent bone ring
 80149 | Crypt:3  | Identified the ring "Vigew" {rF+ MR+ Str+2} (You found it
                  | on level 3 of the Crypt)
 81540 | Crypt:3  | Received a gift from Sif Muna
 81642 | Crypt:3  | Identified the +1 pair of gloves of Nedon {Regen+ Str+4
                  | Int+6 Dex-2} (You acquired it on level 3 of the Crypt)
 82045 | Crypt:3  | Found a staircase to the Tomb.
 82140 | Crypt:3  | Identified Zifrec's Handbook of Cold and Poisoning
 82249 | Crypt:3  | Noticed an ancient lich
 82254 | Crypt:3  | Killed an ancient lich
 82683 | Vaults:2 | Killed Dacon's ghost
 82702 | Vaults:2 | Killed Tang's ghost
 82737 | Vaults:2 | Identified the cursed +1 ring mail of Cocytus {*Drain rF++
                  | MR+++} (You found it on level 2 of the Vaults)
 82754 | Vaults:2 | Learned a level 3 spell: Ozocubu's Armour
 82866 | Vaults:5 | Entered Level 5 of the Vaults
 82870 | Vaults:5 | Reached XP level 24. HP: 68/147 MP: 30/44
 83164 | Vaults:5 | Received a gift from Sif Muna
 83584 | Vaults:5 | Identified the cursed +3 whip of the Blessed Realm {pain,
                  | rC+ Str+2 Dex+3 SInv}
 84193 | Vaults:5 | Reached skill level 19 in Ice Magic
 84324 | Vaults:5 | Reached skill level 10 in Dodging
 84524 | Vaults:5 | Identified the ring of Hewuy {Ice Str+3} (You found it on
                  | level 5 of the Vaults)
 84527 | Vaults:5 | Identified the +2 robe "Feeph" {MR+ Regen+ Dex+2} (You
                  | found it on level 5 of the Vaults)
 84540 | Vaults:5 | Got a steaming jade ring
 84542 | Vaults:5 | Identified the ring of Weupohelu {MR+ Int+7} (You acquired
                  | it on level 5 of the Vaults)
 84684 | Vaults:5 | Reached skill level 5 in Polearms
 84730 | Vaults:5 | Got a silver rune of Zot
 84866 | Vaults:5 | Identified the +3 battleaxe of Overwhelming Force {pain,
                  | MR+++ Int+3}
 84866 | Vaults:5 | Identified the cursed +0 chain mail of Trog's Righteous
                  | Anger {rF+ rN+ Int+2 Slay+2}
 85133 | Vaults:5 | Identified the +1 robe of Lughogea {Str+5 Int-3} (You found
                  | it on level 5 of the Vaults)
 85162 | Vaults:5 | Identified the +1 helmet of the Leaf {rC- Dex+4 SInv
                  | Stlth+} (You found it on level 5 of the Vaults)
 85352 | Vaults:5 | Identified the Guide on Aerial Snow
 85495 | Vaults:5 | Identified the amulet of Esinuox {Harm *Drain Str+2 Dex+3}
 86355 | Depths:3 | Killed Mennas
 86355 | Depths:3 | Identified Sif Muna's Catalogue of Weightlessness and
                  | Curses (Sif Muna gifted it to you on level 3 of the Depths)
 86355 | Depths:3 | Received a gift from Sif Muna
 87493 | Depths:4 | Gained mutation: You are significantly more attuned to the
                  | shadows. [demonic ancestry]
 87493 | Depths:4 | Reached XP level 25. HP: 148/152 MP: 21/45
 87749 | Depths:4 | Found Uteipif's Antique Armour Shop.
 87755 | Depths:4 | Bought a heavily runed shield for 323 gold pieces
 87755 | Depths:4 | Identified the +4 shield of Usext {rN+ rCorr} (You bought
                  | it in a shop on level 4 of the Depths)
 87960 | Depths:4 | Found a shattered altar of Ashenzari.
 88341 | Depths:4 | Found a gateway to a ziggurat.
 89108 | Depths:4 | Identified Sif Muna's Tome of the Voyage and Contamination
 89110 | Depths:4 | Identified Sif Muna's Compendium of Burning Transmigration
 89180 | Depths:5 | Entered Level 5 of the Depths
 89448 | Depths:5 | Identified Sif Muna's Testament of Sif Muna (Sif Muna
                  | gifted it to you on level 5 of the Depths)
 89448 | Depths:5 | Received a gift from Sif Muna
 89987 | Depths:5 | Found a gate to the Realm of Zot.
 90065 | Depths:5 | Found a runed translucent gate.
 90065 | Depths:5 | Found a runed translucent gate.
 90065 | Depths:5 | Found a runed translucent gate.
 90093 | Depths:5 | Noticed xccam's ghost (veteran GnGl)
 90403 | Depths:5 | Killed xccam's ghost
 90418 | Depths:5 | Identified the ring "Ropnuts" {MR++ Str+4}
 90473 | Depths:5 | Got a twisted shield
 90484 | Depths:5 | Identified the +0 shield of Vocekuos {Stlth+} (You acquired
                  | it on level 5 of the Depths)
 90585 | Depths:5 | Got the ring "Peomutz" {Fire}
 90587 | Depths:5 | Identified the ring "Peomutz" {Fire rN+} (You found it on
                  | level 5 of the Depths)
 90656 | Depths:5 | Learned a level 9 spell: Glaciate
 90725 | Zot:1    | Entered Level 1 of the Realm of Zot
 91200 | Zot:1    | Reached skill level 20 in Ice Magic
 91711 | Zot:1    | Identified Sif Muna's Almanac of Poisonous Calling (Sif
                  | Muna gifted it to you on level 1 of the Realm of Zot)
 91711 | Zot:1    | Received a gift from Sif Muna
 91746 | Zot:1    | Noticed a shard shrike
 91748 | Zot:1    | Gained mutation: You are completely attuned to the shadows.
                  | [demonic ancestry]
 91748 | Zot:1    | Reached XP level 26. HP: 128/160 MP: 10/46
 92009 | Zot:1    | Learned a level 7 spell: Orb of Destruction
 93325 | Zot:1    | Reached skill level 15 in Shields
 93827 | Zot:2    | Received a gift from Sif Muna
 94147 | Zot:2    | Noticed an orb of fire
 94158 | Zot:2    | Gained mutation: Armour fits poorly on your strangely
                  | shaped body. [an orb of fire]
 94165 | Zot:2    | Reached skill level 10 in Polearms
 94171 | Zot:2    | Killed an orb of fire
 94661 | Zot:2    | Identified the +1 scale mail "Seira" {Str+7} (You found it
                  | on level 2 of the Realm of Zot)
 94737 | Zot:2    | Identified the +2 scale mail of Creativity {+Fly Str+8
                  | Int-5 Stlth+} (You found it on level 2 of the Realm of Zot)
 94758 | Zot:2    | Reached XP level 27. HP: 166/167 MP: 46/46
 94768 | Zot:2    | Identified Dumuig's Collected Works on Freezing Battle
                  | Magic (Sif Muna gifted it to you on level 2 of the Realm of
                  | Zot)
 94768 | Zot:2    | Received a gift from Sif Muna
 94826 | Zot:2    | Noticed an orb of fire
 94832 | Zot:2    | Gained mutation: You are very frail. (-20% HP) [an orb of
                  | fire]
 94835 | Zot:2    | Killed an orb of fire
 95936 | Zot:3    | Noticed an orb of fire
 95937 | Zot:3    | Lost mutation: You possess an exceptional clarity of mind.
                  | [an orb of fire]
 95944 | Zot:2    | Killed from afar by an orb of fire

Skill      XL: |  1  2  3  4  5  6  7  8  9 10 11 12 13 14 15 16 17 18 19 20 21 22 23 24 25 26 27 |
---------------+----------------------------------------------------------------------------------+-----
Ice Magic      | 3 4 5 6 7 9 10 11 12 13 14 15 17 18 19 20 | 20.9
Dodging        | 2 3 4 5 6 7 8 9 10 11 | 11.1
Stealth        | 2 3 4 5 6 7 |  7.4
Spellcasting   | 3 4 6 7 8 9 10 11 12 13 14 15 16 17 18 19 | 19.8
Maces & Flails | 1 3 5 6 7 9 10 11 | 11.3
Shields        | 1 2 3 4 5 6 8 9 10 11 12 13 14 15 | 15.0
Conjurations   | 2 3 4 5 7 9 10 11 13 14 15 16 17 18 | 18.7
Fighting       | 1 2 3 5 6 7 8 9 |  9.3
Charms         | 1 2 3 4 5 6 7 8 |  8.6
Necromancy     | 1 2 3 4 5 8 9 |  9.5
Summonings     | 1 2 3 4 |  4.4
Evocations     | 1 2 |  2.4
Invocations    | 4 7 10 11 | 11.6
Air Magic      | 4 6 7 8 9 10 11 | 11.0
Earth Magic    | 1 2 3 4 |  4.8
Translocations | 1 2 |  2.6
Fire Magic     | 1 |  1.3
Polearms       | 1 3 6 8 10 | 10.9
Staves         | |  0.3

Action                   |  1- 3 |  4- 6 |  7- 9 | 10-12 | 13-15 | 16-18 | 19-21 | 22-24 | 25-27 || total
-------------------------+-------+-------+-------+-------+-------+-------+-------+-------+-------++-------
Melee: Mace              |    16 |   115 |   350 |    54 |       |       |       |       |       ||   535
       Headbutt          |       |    10 |    72 |   193 |   183 |    92 |    46 |    59 |   104 ||   759
       Staff             |       |       |    11 |       |    40 |    62 |       |       |       ||   113
       Flail             |       |       |       |   723 |   713 |   452 |   213 |    45 |       ||  2146
       Lance             |       |       |       |       |       |       |    60 |   321 |   610 ||   991
Throw: Tomahawk          |       |     6 |       |     1 |       |       |       |       |       ||     7
 Cast: Freeze            |    37 |    49 |    73 |    64 |    22 |       |       |       |       ||   245
       Throw Frost       |     4 |    33 |    33 |    96 |   142 |    37 |       |       |       ||   345
       Ozocubu's Armour  |     1 |     7 |    36 |    93 |    71 |    37 |    21 |    19 |    32 ||   317
       Shock             |       |       |    13 |    24 |    49 |    36 |     4 |       |       ||   126
       Throw Icicle      |       |       |     4 |    39 |   298 |   197 |    74 |       |       ||   612
       Summon Ice Beast  |       |       |       |    44 |    56 |    14 |       |       |       ||   114
       Regeneration      |       |       |       |    23 |    63 |    65 |    33 |    32 |    23 ||   239
       Apportation       |       |       |       |     2 |     7 |    10 |     9 |     1 |     2 ||    31
       Iskenderun's Batt |       |       |       |     3 |    21 |    31 |    28 |    23 |     3 ||   109
       Shroud of Golubri |       |       |       |       |     6 |       |       |       |       ||     6
       Bolt of Cold      |       |       |       |       |    21 |    26 |   116 |   183 |    65 ||   411
       Stone Arrow       |       |       |       |       |    24 |    59 |    96 |    87 |    16 ||   282
       Freezing Cloud    |       |       |       |       |     2 |   170 |    60 |    30 |     4 ||   266
       Airstrike         |       |       |       |       |       |    53 |    45 |    21 |    17 ||   136
       Throw Flame       |       |       |       |       |       |    46 |    41 |     5 |       ||    92
       Ozocubu's Refrige |       |       |       |       |       |       |   143 |   124 |    51 ||   318
       Deflect Missiles  |       |       |       |       |       |       |     4 |     7 |    11 ||    22
       Aura of Abjuratio |       |       |       |       |       |       |     2 |     3 |     8 ||    13
       Dispel Undead     |       |       |       |       |       |       |       |   239 |    23 ||   262
       Blink             |       |       |       |       |       |       |       |     1 |    15 ||    16
       Glaciate          |       |       |       |       |       |       |       |       |    39 ||    39
       Orb of Destructio |       |       |       |       |       |       |       |       |    19 ||    19
Invok: Channel Magic     |       |       |       |       |     9 |    16 |     5 |    11 |     8 ||    49
       Divine Energy     |       |       |       |       |     3 |       |       |       |       ||     3
       Stop Divine Energ |       |       |       |       |     3 |       |       |       |       ||     3
       Forget Spell      |       |       |       |       |       |       |     1 |       |       ||     1
Evoke: Wand              |       |       |       |     8 |    20 |    36 |     8 |     2 |     2 ||    76
  Use: Scroll            |       |     7 |     7 |     6 |    20 |    12 |    11 |    23 |    12 ||    98
       Potion            |       |       |     8 |    11 |     7 |     6 |     1 |     4 |     2 ||    39
 Stab: Sleeping          |     2 |     4 |    12 |     9 |     9 |     9 |    10 |     4 |     7 ||    66
       Distracted        |       |       |     3 |    10 |    14 |     5 |     1 |       |     6 ||    39
       Petrified         |       |       |       |       |     3 |       |       |       |       ||     3
  Eat: Chunk             |     1 |    10 |    12 |    32 |    53 |    83 |    66 |    27 |    29 ||   313
       Ration            |       |       |     1 |     2 |     7 |    11 |     6 |    11 |     3 ||    41
Armor: Robe              |    16 |    55 |   141 |   228 |   256 |   182 |    95 |   133 |   175 ||  1281
Dodge: Dodged            |    28 |    72 |   224 |   567 |   688 |   475 |   119 |   255 |   250 ||  2678
       Deflected         |       |       |       |       |       |       |    18 |    44 |    73 ||   135
Block: Other             |     7 |    30 |       |       |       |       |       |       |       ||    37
       Buckler           |       |     9 |   257 |   422 |   373 |   225 |       |     6 |       ||  1292
       Reflection        |       |       |     1 |    14 |     2 |     9 |    68 |    64 |     7 ||   165
       Shield            |       |       |       |       |       |   262 |   367 |   614 |   502 ||  1745
